cohdb
Replays
Latest Replays
All Replays
Popular Replays
Top Player Replays
Match Explorer
How It Works
Community
CoH3 Stats
Reddit
Sign in to upload your games and track your stats! →
Sign in with Steam
Match 40330271
Unlisted
Match 40330271
Overview
Messages
Build Orders
End
Construct Barracks
Scout Squad
Riflemen Squad
Riflemen Squad
Riflemen Squad
Infantry Support Center
Construct Weapon Support Center
M3 Armored Personnel Carrier
Selects Heavy Weapons
Selects Assault Carriers
Selects Exchangeable Parts
Construct Medical Station
Grenade Package
Selects M2HB .50cal Heavy Machine Gun
M1919 Machine Gun Team
Bazooka Squad
Basilone
REGULATOR
0
0
Comments
sign in to comment!
No comments posted yet!